Islanders vs Canadiens

Created - Monday, November 09, 2015 at 02:55

Goals
1 2 3 OT1 T
Islanders 1 0 1 1 3
Canadiens 1 1 0 0 2
Shots
1 2 3 OT1 T
Islanders 7 11 10 1 29
Canadiens 14 9 9 1 33

1st period

1. Canadiens , Justin Abdelkader 7 (Mike Ribeiro, Mike Cammalleri) at 14:34
2. Islanders , Brandon Pirri 6 (Carl Hagelin, Frans Nielsen) at 18:19

Penalties :
Dalton Prout (NYI) for High sticking (Minor) at 1:31, Travis Hamonic (NYI) for Hooking (Minor) at 10:39, David Krejci (NYI) for Roughing (Minor) at 19:41

2nd period

3. Canadiens , Daniel Sedin 7 (Ryan Callahan, Matt Niskanen) at 0:20 (PP)

Penalties :
Gregory Campbell (Mon) for Boarding (Minor) at 7:43

3rd period

4. Islanders , Paul Gaustad 1 (Craig Adams, Rob Scuderi) at 1:31 (SH)

Penalties :
Dalton Prout (NYI) for Hooking (Minor) at 1:03, Justin Abdelkader (Mon) for Hooking (Minor) at 1:36, Matt Niskanen (Mon) for Tripping (Minor) at 17:05, Jamie Benn (NYI) for Hooking (Minor) at 17:09

Overtime #1

5. Islanders , Jamie Benn 13 (David Krejci, Travis Hamonic) at 1:38

Penalties :
No Penalty

Goalie Stats

Braden Holtby (NYI), 31 saves from 33 shots - (0.939), W, 9-2-1, 61:38 minutes
Pekka Rinne (Mon), 26 saves from 29 shots - (0.897), OTL, 6-4-4, 61:38 minutes

Players Stats for Islanders

Player Name              G  A  P  +/- PIM S  H  SB GA TA FO     MP     PP MP  PK MP  
------------------------------------------------------------------------------------
Brandon Pirri            1  0  1   0  0   3  0  1  3  0  1/1    12:19   1:15   0:00 
Carl Hagelin             0  1  1   0  0   0  1  0  0  2  0/0    14:30   1:21   0:04 
Craig Adams              0  1  1   1  0   2  2  1  0  0  0/2    15:01   0:00   3:37 
Dalton Prout             0  0  0   1  4   1  1  1  0  0  0/0    16:14   0:33   1:19 
David Krejci             0  1  1   1  2   2  0  3  1  0  9/14   19:30   1:15   0:04 
Dustin Brown             0  0  0   0  0   2  3  0  3  0  1/1    15:11   2:32   0:00 
Erik Karlsson            0  0  0   0  0   6  2  0  0  0  0/0    24:06   2:03   0:00 
Frans Nielsen            0  1  1   0  0   1  1  0  0  0  2/4    10:48   0:00   0:00 
Jamie Benn               1  0  1   1  2   4  3  0  1  0  1/2    17:31   1:14   0:00 
Kevin Klein              0  0  0   0  0   1  1  1  0  1  0/0    20:21   0:00   2:25 
Lauri Korpikoski         0  0  0   0  0   1  1  0  3  0  0/1    13:55   0:00   1:33 
Marcel Goc               0  0  0   0  0   1  0  0  2  0  4/10   13:55   0:00   1:33 
Olli Maatta              0  0  0   0  0   1  0  0  0  0  0/0    19:49   0:37   0:28 
Patrik Berglund          0  0  0   0  0   1  1  0  3  1  1/2    12:19   0:48   0:00 
Paul Gaustad             1  0  1   1  0   1  1  0  1  1  8/13   15:33   0:00   3:37 
Rob Scuderi              0  1  1   2  0   0  1  1  0  1  0/0    21:45   0:00   4:28 
Travis Hamonic           0  1  1   1  2   0  0  0  0  2  0/0    21:29   0:33   1:48 
Tyler Ennis              0  0  0   0  0   2  0  1  2  1  1/3    13:36   0:48   0:00 

Players Stats for Canadiens

Player Name              G  A  P  +/- PIM S  H  SB GA TA FO     MP     PP MP  PK MP  
------------------------------------------------------------------------------------
Alex Goligoski           0  0  0   0  0   2  3  0  0  1  0/0    24:40   1:58   1:09 
Andrew Campbell          0  0  0  -1  0   2  0  0  1  3  0/0    18:49   0:04   1:42 
Ben Lovejoy              0  0  0  -1  0   4  2  3  0  1  0/0    21:00   3:12   0:54 
Brian Boyle              0  0  0   0  0   1  0  1  1  0  1/5    11:41   0:00   2:13 
Daniel Sedin             1  0  1  -1  0   3  1  0  1  0  0/2    17:38   2:51   0:13 
Francois Beauchemin      0  0  0  -2  0   0  1  2  1  2  0/0    22:20   3:16   1:27 
Gregory Campbell         0  0  0   0  2   0  1  1  0  0  4/8     9:58   0:00   0:28 
Jaromir Jagr             0  0  0   0  0   1  1  0  1  0  1/1    11:43   0:00   0:00 
Joe Thornton             0  0  0  -2  0   1  0  0  0  0  8/11   17:35   2:51   0:00 
Jordie Benn              0  0  0   0  0   2  2  1  0  3  0/0    14:38   0:00   0:00 
Justin Abdelkader        1  0  1   0  2   6  4  0  4  0  0/0    18:49   2:20   0:00 
Mathieu Perreault        0  0  0   0  0   3  1  0  1  0  3/9    14:58   2:21   0:47 
Matt Niskanen            0  1  1   0  2   0  1  4  0  1  0/0    21:50   2:00   0:00 
Mike Cammalleri          0  1  1   0  0   1  1  0  0  0  1/1    18:13   2:23   1:13 
Mike Ribeiro             0  1  1   0  0   3  0  1  3  0  6/15   17:34   0:02   0:09 
Patrick Eaves            0  0  0   0  0   0  1  1  0  2  0/0    11:43   0:00   0:00 
Ryan Callahan            0  1  1  -2  0   2  1  1  3  0  1/1    17:35   2:51   0:00 
Scott Gomez              0  0  0   0  0   2  0  0  1  0  0/0     9:48   0:00   0:09 

3 Stars

1 - Paul Gaustad (NYI)
2 - Jamie Benn (NYI)
3 - Braden Holtby (NYI)

Power Play

Islanders - 0 on 3 Attempt(s) - 0.00%
Canadiens - 1 on 5 Attempt(s) - 20.00%

Penalty Kill

Islanders - 4 on 5 Attempt(s) - 80.00% - Score 1 goal in Penalty Kill
Canadiens - 3 on 3 Attempt(s) - 100.00% - Score 0 goal in Penalty Kill

Team Stat

Islanders - Hits : 18 - Faceoff Wins : 28 - Blocked Shots : 9 - Penalty Minutes : 10
Canadiens - Hits : 20 - Faceoff Wins : 25 - Blocked Shots : 15 - Penalty Minutes : 6

Official

Referees : Unknown
Linesman : Unknown

Game Notes

No Game Note

Finance

Level 1 -- Attendance: 6000 (100.00%) -- Ticket Income $510,000
Level 2 -- Attendance: 4516 (90.32%) -- Ticket Income $225,800
Level 3 -- Attendance: 1764 (88.20%) -- Ticket Income $49,392
Level 4 -- Attendance: 3691 (92.28%) -- Ticket Income $62,747
Luxury Box -- Attendance: 950 (95.00%) -- Ticket Income $171,000
Game was played at the Bell Centre.
Total Attendance: 16921 (94.01%)
Total Ticket Income: $1,018,939
Other Income: $499,280
Total Income: $1,518,219

Islanders

5 vs 5 Forward 
   Center                   Left Wing                Right Wing               Time % Phy DF OF 
 1 David Krejci             Jamie Benn               Tyler Ennis              32     1   2  2  
 2 Frans Nielsen            Carl Hagelin             Brandon Pirri            27     1   2  2  
 3 Paul Gaustad             Dustin Brown             Patrik Berglund          25     1   2  2  
 4 Marcel Goc               Craig Adams              Lauri Korpikoski         16     1   2  2  

5 vs 5 Defense 
   Defense                  Defense                                           Time % Phy DF OF 
 1 Erik Karlsson            Kevin Klein                                       33     1   2  2  
 2 Olli Maatta              Travis Hamonic                                    30     1   2  2  
 3 Dalton Prout             Rob Scuderi                                       24     1   2  2  
 4 Erik Karlsson            Rob Scuderi                                       13     1   2  2  

PowerPlay Forward 
   Center                   Left Wing                Right Wing               Time % Phy DF OF 
 1 David Krejci             Jamie Benn               Brandon Pirri            70     1   2  2  
 2 Patrik Berglund          Carl Hagelin             Tyler Ennis              30     1   2  2  

PowerPlay Defense
   Defense                  Defense                                           Time % Phy DF OF 
 1 Erik Karlsson            Dustin Brown                                      60     1   2  2  
 2 Erik Karlsson            Olli Maatta                                       40     1   2  2  

Penalty Kill 4 Players Forward 
   Center                   Wing                     Time % Phy DF OF 
 1 Paul Gaustad             Craig Adams              60     1   2  2  
 2 Marcel Goc               Lauri Korpikoski         40     1   2  2  

Penalty Kill 4 Players Defense
   Defense                  Defense                  Time % Phy DF OF 
 1 Kevin Klein              Rob Scuderi              50     1   2  2  
 2 Dalton Prout             Travis Hamonic           50     1   2  2  

Penalty Kill - 3 Players Forward 
   Forward                                           Time % Phy DF OF 
 1 Craig Adams                                       60     1   2  2  
 2 Marcel Goc                                        40     1   2  2  

Penalty Kill - 3 Players Defense
   Defense                  Defense                  Time % Phy DF OF 
 1 Rob Scuderi              Kevin Klein              50     1   2  2  
 2 Dalton Prout             Travis Hamonic           50     1   2  2  

4 vs 4 Forward 
   Center                   Wing                     Time % Phy DF OF 
 1 David Krejci             Jamie Benn               60     1   2  2  
 2 Frans Nielsen            Brandon Pirri            40     1   2  2  

4 vs 4 Defense
   Defense                  Defense                  Time % Phy DF OF 
 1 Erik Karlsson            Kevin Klein              60     1   2  2  
 2 Travis Hamonic           Olli Maatta              40     1   2  2  

Last Minutes Offensive
   Center                   Left Wing                Right Wing               Defense                  Defense                  
   David Krejci             Jamie Benn               Brandon Pirri            Erik Karlsson            Olli Maatta              

Last Minutes Defensive
   Center                   Left Wing                Right Wing               Defense                  Defense                  
   Paul Gaustad             Marcel Goc               Craig Adams              Rob Scuderi              Kevin Klein              

Goaltenders
Starting : Braden Holtby            
Backup : Andrew Hammond           

Extra Forwards
Normal : Jamie Benn, Carl Hagelin, Dustin Brown - PP : Brandon Pirri, Jamie Benn - PK : Craig Adams
Extra Defensemen
Normal : Erik Karlsson, Kevin Klein, Travis Hamonic - PP : Erik Karlsson - PK : Rob Scuderi, Dalton Prout
Penalty Shots
Brandon Pirri, Frans Nielsen, Tyler Ennis, Dustin Brown, Erik Karlsson

Canadiens

5 vs 5 Forward 
   Center                   Left Wing                Right Wing               Time % Phy DF OF 
 1 Joe Thornton             Daniel Sedin             Ryan Callahan            33     1   1  3  
 2 Mike Ribeiro             Mike Cammalleri          Justin Abdelkader        31     1   1  3  
 3 Mathieu Perreault        Patrick Eaves            Jaromir Jagr             26     1   1  3  
 4 Gregory Campbell         Brian Boyle              Scott Gomez              10     1   3  1  

5 vs 5 Defense 
   Defense                  Defense                                           Time % Phy DF OF 
 1 Alex Goligoski           Matt Niskanen                                     40     1   2  2  
 2 Ben Lovejoy              Francois Beauchemin                               34     1   2  2  
 3 Andrew Campbell          Jordie Benn                                       26     1   3  1  
 4 Alex Goligoski           Matt Niskanen                                     0      1   2  2  

PowerPlay Forward 
   Center                   Left Wing                Right Wing               Time % Phy DF OF 
 1 Joe Thornton             Daniel Sedin             Ryan Callahan            55     1   1  3  
 2 Mathieu Perreault        Mike Cammalleri          Justin Abdelkader        45     1   1  3  

PowerPlay Defense
   Defense                  Defense                                           Time % Phy DF OF 
 1 Alex Goligoski           Matt Niskanen                                     60     1   1  3  
 2 Francois Beauchemin      Ben Lovejoy                                       40     1   2  2  

Penalty Kill 4 Players Forward 
   Center                   Wing                     Time % Phy DF OF 
 1 Brian Boyle              Gregory Campbell         60     1   3  1  
 2 Mike Cammalleri          Justin Abdelkader        40     1   3  1  

Penalty Kill 4 Players Defense
   Defense                  Defense                  Time % Phy DF OF 
 1 Alex Goligoski           Andrew Campbell          60     1   3  1  
 2 Ben Lovejoy              Francois Beauchemin      40     1   3  1  

Penalty Kill - 3 Players Forward 
   Forward                                           Time % Phy DF OF 
 1 Brian Boyle                                       60     1   3  1  
 2 Gregory Campbell                                  40     1   3  1  

Penalty Kill - 3 Players Defense
   Defense                  Defense                  Time % Phy DF OF 
 1 Alex Goligoski           Andrew Campbell          60     1   3  1  
 2 Ben Lovejoy              Francois Beauchemin      40     1   3  1  

4 vs 4 Forward 
   Center                   Wing                     Time % Phy DF OF 
 1 Mike Ribeiro             Justin Abdelkader        60     1   2  2  
 2 Joe Thornton             Ryan Callahan            40     1   2  2  

4 vs 4 Defense
   Defense                  Defense                  Time % Phy DF OF 
 1 Alex Goligoski           Matt Niskanen            60     1   2  2  
 2 Andrew Campbell          Francois Beauchemin      40     1   2  2  

Last Minutes Offensive
   Center                   Left Wing                Right Wing               Defense                  Defense                  
   Joe Thornton             Mike Cammalleri          Justin Abdelkader        Alex Goligoski           Matt Niskanen            

Last Minutes Defensive
   Center                   Left Wing                Right Wing               Defense                  Defense                  
   Gregory Campbell         Brian Boyle              Mike Cammalleri          Alex Goligoski           Andrew Campbell          

Goaltenders
Starting : Pekka Rinne              
Backup : Jussi Rynnas             

Extra Forwards
Normal : Mike Cammalleri, Scott Gomez, Gregory Campbell - PP : Mike Cammalleri, Mike Ribeiro - PK : Mike Cammalleri
Extra Defensemen
Normal : Alex Goligoski, Andrew Campbell, Matt Niskanen - PP : Alex Goligoski - PK : Alex Goligoski, Matt Niskanen
Penalty Shots
Brian Boyle, Mike Cammalleri, Patrick Eaves, Justin Abdelkader, Daniel Sedin

% Time on Ice - Islanders

Lines # - Real PCT - Wanted PCT - Time Play
Normal Forward
1 - 29% - 32% - 14:08
2 - 25% - 27% - 12:11
3 - 24% - 25% - 11:31
4 - 22% - 16% - 10:59
Normal Defense
1 - 31% - 33% - 15:17
2 - 34% - 30% - 16:40
3 - 26% - 24% - 12:36
4 - 9% - 13% - 4:16
PP Forward
1 - 69% - 70% - 1:48
2 - 31% - 30% - 0:48
PP Defense
1 - 76% - 60% - 1:59
2 - 24% - 40% - 0:37
PK Forward
1 - 70% - 60% - 3:41
2 - 30% - 40% - 1:33
PK Defense
1 - 46% - 50% - 2:25
2 - 54% - 50% - 2:49
PK3 Forward
1 - 0% - 60%
2 - 0% - 40%
PK3 Defense
1 - 0% - 50%
2 - 0% - 50%
44 Forward
1 - 100% - 60% - 4:59
2 - 0% - 40% - 0:00
44 Defense
1 - 59% - 60% - 2:55
2 - 41% - 40% - 2:04
Last Minute Offensive  - 0:00
Last Minute Defensive  - 0:00
Total
Forward - 61:38
Defense - 61:38

% Time on Ice - Canadiens

Lines # - Real PCT - Wanted PCT - Time Play
Normal Forward
1 - 31% - 33% - 15:02
2 - 27% - 31% - 13:01
3 - 24% - 26% - 11:43
4 - 19% - 10% - 9:03
Normal Defense
1 - 36% - 40% - 17:26
2 - 34% - 34% - 16:45
3 - 30% - 26% - 14:38
4 - 0% - 0% - 0:00
PP Forward
1 - 55% - 55% - 2:53
2 - 45% - 45% - 2:21
PP Defense
1 - 38% - 60% - 1:58
2 - 62% - 40% - 3:16
PK Forward
1 - 100% - 60% - 2:36
2 - 0% - 40% - 0:00
PK Defense
1 - 44% - 60% - 1:09
2 - 56% - 40% - 1:27
PK3 Forward
1 - 0% - 60%
2 - 0% - 40%
PK3 Defense
1 - 0% - 60%
2 - 0% - 40%
44 Forward
1 - 97% - 60% - 4:49
2 - 3% - 40% - 0:10
44 Defense
1 - 83% - 60% - 4:07
2 - 17% - 40% - 0:52
Last Minute Offensive  - 0:00
Last Minute Defensive  - 0:00
Total
Forward - 61:38
Defense - 61:38

Play by Play

1st period


0:01 of 1st period - David Krejci wins face-off versus Daniel Sedin in neutral zone.
0:54 of 1st period - Alex Goligoski is hit by Erik Karlsson and loses puck.
0:59 of 1st period - Wrist shot by Frans Nielsen.
0:59 of 1st period - Stopped by Pekka Rinne with a rebound.
1:07 of 1st period - Carl Hagelin is hit by Justin Abdelkader and loses puck.
1:18 of 1st period - Rob Scuderi is hit by Alex Goligoski and loses puck.
1:31 of 1st period - Minor Penalty to Dalton Prout for High sticking.
1:32 of 1st period - Joe Thornton wins face-off versus Paul Gaustad in Islanders zone.
2:05 of 1st period - Slapshot by Justin Abdelkader.
2:05 of 1st period - Stopped by Braden Holtby without a rebound.
2:06 of 1st period - Paul Gaustad wins face-off versus Mathieu Perreault in Islanders zone.
2:49 of 1st period - Wrist shot by Joe Thornton.
2:49 of 1st period - Shot Blocked by Craig Adams.
2:51 of 1st period - Slapshot by Ben Lovejoy.
2:51 of 1st period - Stopped by Braden Holtby with a rebound.
3:31 of 1st period - Penalty to Dalton Prout is over, Dalton Prout is back on ice.
3:43 of 1st period - Slapshot by Travis Hamonic.
3:43 of 1st period - Shot Blocked by Jordie Benn.
4:27 of 1st period - Dalton Prout is hit by Mathieu Perreault and loses puck.
4:53 of 1st period - Snap shot by Joe Thornton.
4:53 of 1st period - Stopped by Braden Holtby without a rebound.
4:54 of 1st period - David Krejci wins face-off versus Daniel Sedin in Islanders zone.
5:03 of 1st period - Snap shot by Tyler Ennis.
5:03 of 1st period - Shot Misses the Net.
5:09 of 1st period - Wrist shot by Jamie Benn.
5:09 of 1st period - Stopped by Pekka Rinne with a rebound.
5:11 of 1st period - Slapshot by Erik Karlsson.
5:11 of 1st period - Stopped by Pekka Rinne without a rebound.
5:12 of 1st period - Gregory Campbell wins face-off versus Tyler Ennis in Canadiens zone.
5:35 of 1st period - Snap shot by Jamie Benn.
5:35 of 1st period - Shot Misses the Net.
5:45 of 1st period - Tyler Ennis is hit by Ben Lovejoy and loses puck.
7:24 of 1st period - Off-side.
7:25 of 1st period - Tyler Ennis wins face-off versus Mathieu Perreault in neutral zone.
9:06 of 1st period - Wrist shot by Brian Boyle.
9:06 of 1st period - Shot Misses the Net.
9:18 of 1st period - Wrist shot by Brian Boyle.
9:18 of 1st period - Stopped by Braden Holtby with a rebound.
9:44 of 1st period - Andrew Campbell is hit by Jamie Benn and loses puck.
10:14 of 1st period - Off-side.
10:15 of 1st period - Mathieu Perreault wins face-off versus Craig Adams in neutral zone.
10:30 of 1st period - Wrist shot by Mathieu Perreault.
10:30 of 1st period - Shot Misses the Net.
10:32 of 1st period - Slapshot by Ben Lovejoy.
10:32 of 1st period - Stopped by Braden Holtby with a rebound.
10:34 of 1st period - Backhand shot by Ben Lovejoy.
10:34 of 1st period - Shot Blocked by Dalton Prout.
10:36 of 1st period - Slapshot by Ben Lovejoy.
10:36 of 1st period - Stopped by Braden Holtby without a rebound.
10:37 of 1st period - Dustin Brown wins face-off versus Mike Ribeiro in Islanders zone.
10:39 of 1st period - Minor Penalty to Travis Hamonic for Hooking.
10:40 of 1st period - Paul Gaustad wins face-off versus Mathieu Perreault in Islanders zone.
11:16 of 1st period - Slapshot by Justin Abdelkader.
11:16 of 1st period - Stopped by Braden Holtby with a rebound.
11:36 of 1st period - Snap shot by Ryan Callahan.
11:36 of 1st period - Stopped by Braden Holtby with a rebound.
11:38 of 1st period - Snap shot by Ryan Callahan.
11:38 of 1st period - Shot Hit the Post.
11:40 of 1st period - Snap shot by Ben Lovejoy.
11:40 of 1st period - Deflect By Joe Thornton.
11:40 of 1st period - Shot Misses the Net.
11:40 of 1st period - Puck is out of play.
11:41 of 1st period - Joe Thornton wins face-off versus Marcel Goc in Islanders zone.
12:39 of 1st period - Penalty to Travis Hamonic is over, Travis Hamonic is back on ice.
12:46 of 1st period - Icing by Travis Hamonic.
12:47 of 1st period - Joe Thornton wins face-off versus Craig Adams in Islanders zone.
13:58 of 1st period - Slapshot by Brandon Pirri.
13:58 of 1st period - Shot Blocked by Gregory Campbell.
14:34 of 1st period - Wrist shot by Justin Abdelkader.
14:34 of 1st period - Goal by Justin Abdelkader - Islanders : 0 - Canadiens : 1.
14:35 of 1st period - Paul Gaustad wins face-off versus Mike Ribeiro in neutral zone.
14:38 of 1st period - Snap shot by Dustin Brown.
14:38 of 1st period - Shot Blocked by Ben Lovejoy.
14:40 of 1st period - Slapshot by Kevin Klein.
14:40 of 1st period - Shot Blocked by Ben Lovejoy.
14:42 of 1st period - Slapshot by Dustin Brown.
14:42 of 1st period - Stopped by Pekka Rinne without a rebound.
14:43 of 1st period - Paul Gaustad wins face-off versus Mike Ribeiro in Canadiens zone.
14:44 of 1st period - Snap shot by Erik Karlsson.
14:44 of 1st period - Shot Misses the Net.
15:04 of 1st period - Slapshot by Erik Karlsson.
15:04 of 1st period - Stopped by Pekka Rinne without a rebound.
15:05 of 1st period - Mathieu Perreault wins face-off versus Marcel Goc in Canadiens zone.
15:27 of 1st period - Slapshot by Craig Adams.
15:27 of 1st period - Stopped by Pekka Rinne with a rebound.
15:37 of 1st period - Snap shot by Lauri Korpikoski.
15:37 of 1st period - Shot Misses the Net.
15:39 of 1st period - Snap shot by Travis Hamonic.
15:39 of 1st period - Shot Misses the Net.
15:41 of 1st period - Snap shot by Marcel Goc.
15:41 of 1st period - Deflect By Patrick Eaves.
15:41 of 1st period - Shot Misses the Net.
15:41 of 1st period - Puck is out of play.
15:42 of 1st period - Mike Cammalleri wins face-off versus Paul Gaustad in Canadiens zone.
15:42 of 1st period - Mike Cammalleri is hit by Erik Karlsson.
16:01 of 1st period - Wrist shot by Justin Abdelkader.
16:01 of 1st period - Stopped by Braden Holtby with a rebound.
16:53 of 1st period - Alex Goligoski is hit by Dustin Brown and loses puck.
17:16 of 1st period - Slapshot by Mathieu Perreault.
17:16 of 1st period - Shot Misses the Net.
17:18 of 1st period - Slapshot by Patrick Eaves.
17:18 of 1st period - Shot Blocked by Rob Scuderi.
17:20 of 1st period - Wrist shot by Mathieu Perreault.
17:20 of 1st period - Stopped by Braden Holtby without a rebound.
17:21 of 1st period - Jaromir Jagr wins face-off versus Marcel Goc in Islanders zone.
17:24 of 1st period - Slapshot by Mathieu Perreault.
17:24 of 1st period - Stopped by Braden Holtby with a rebound.
18:09 of 1st period - Slapshot by Mike Ribeiro.
18:09 of 1st period - Shot Misses the Net.
18:11 of 1st period - Slapshot by Justin Abdelkader.
18:11 of 1st period - Stopped by Braden Holtby without a rebound.
18:12 of 1st period - Frans Nielsen wins face-off versus Mike Ribeiro in Islanders zone.
18:19 of 1st period - Snap shot by Carl Hagelin.
18:19 of 1st period - Deflect By Brandon Pirri.
18:19 of 1st period - Goal by Brandon Pirri - Islanders : 1 - Canadiens : 1.
18:20 of 1st period - Joe Thornton wins face-off versus Jamie Benn in neutral zone.
18:25 of 1st period - Slapshot by Joe Thornton.
18:25 of 1st period - Shot Blocked by David Krejci.
18:27 of 1st period - Snap shot by Daniel Sedin.
18:27 of 1st period - Shot Misses the Net.
18:29 of 1st period - Slapshot by Ben Lovejoy.
18:29 of 1st period - Shot Misses the Net.
18:31 of 1st period - Slapshot by Francois Beauchemin.
18:31 of 1st period - Shot Misses the Net.
18:39 of 1st period - Snap shot by Daniel Sedin.
18:39 of 1st period - Shot Misses the Net.
18:41 of 1st period - Slapshot by Ben Lovejoy.
18:41 of 1st period - Stopped by Braden Holtby without a rebound.
18:42 of 1st period - Paul Gaustad wins face-off versus Mike Ribeiro in Islanders zone.
18:42 of 1st period - Paul Gaustad is hit by Matt Niskanen.
19:41 of 1st period - Minor Penalty to David Krejci for Roughing.
19:42 of 1st period - Joe Thornton wins face-off versus Paul Gaustad in Islanders zone.
19:59 of 1st period - Snap shot by Daniel Sedin.
19:59 of 1st period - Shot Misses the Net.
Goals for this period are 1 for Islanders vs 1 for Canadiens.
Shots for this period are 7 for Islanders vs 14 for Canadiens.

2nd period


0:01 of 2nd period - Joe Thornton wins face-off versus Paul Gaustad in neutral zone.
0:20 of 2nd period - Wrist shot by Daniel Sedin.
0:20 of 2nd period - Goal by Daniel Sedin - Islanders : 1 - Canadiens : 2.
0:21 of 2nd period - David Krejci wins face-off versus Joe Thornton in neutral zone.
1:14 of 2nd period - Rob Scuderi is hit by Jaromir Jagr and loses puck.
1:41 of 2nd period - Snap shot by Paul Gaustad.
1:41 of 2nd period - Shot Blocked by Patrick Eaves.
1:43 of 2nd period - Slapshot by Dustin Brown.
1:43 of 2nd period - Shot Blocked by Francois Beauchemin.
2:01 of 2nd period - Wrist shot by Dustin Brown.
2:01 of 2nd period - Shot Misses the Net.
2:28 of 2nd period - Off-side.
2:29 of 2nd period - Mike Ribeiro wins face-off versus Marcel Goc in neutral zone.
3:43 of 2nd period - Frans Nielsen is hit by Jordie Benn and loses puck.
4:06 of 2nd period - Snap shot by Scott Gomez.
4:06 of 2nd period - Stopped by Braden Holtby without a rebound.
4:07 of 2nd period - David Krejci wins face-off versus Gregory Campbell in Islanders zone.
4:24 of 2nd period - Snap shot by Jamie Benn.
4:24 of 2nd period - Stopped by Pekka Rinne without a rebound.
4:25 of 2nd period - David Krejci wins face-off versus Mike Ribeiro in Canadiens zone.
5:18 of 2nd period - Snap shot by Jordie Benn.
5:18 of 2nd period - Stopped by Braden Holtby with a rebound.
5:20 of 2nd period - Slapshot by Andrew Campbell.
5:20 of 2nd period - Stopped by Braden Holtby without a rebound.
5:21 of 2nd period - Joe Thornton wins face-off versus Marcel Goc in Islanders zone.
5:56 of 2nd period - Andrew Campbell is hit by Craig Adams and loses puck.
7:08 of 2nd period - Slapshot by Alex Goligoski.
7:08 of 2nd period - Stopped by Braden Holtby without a rebound.
7:09 of 2nd period - Mike Ribeiro wins face-off versus David Krejci in Islanders zone.
7:30 of 2nd period - Snap shot by Jamie Benn.
7:30 of 2nd period - Deflect By Tyler Ennis.
7:30 of 2nd period - Stopped by Pekka Rinne without a rebound.
7:31 of 2nd period - Marcel Goc wins face-off versus Gregory Campbell in Canadiens zone.
7:42 of 2nd period - Snap shot by Scott Gomez.
7:42 of 2nd period - Stopped by Braden Holtby without a rebound.
7:43 of 2nd period - Gregory Campbell wins face-off versus Marcel Goc in Islanders zone.
7:43 of 2nd period - Minor Penalty to Gregory Campbell for Boarding.
7:44 of 2nd period - Jamie Benn wins face-off versus Brian Boyle in Canadiens zone.
7:45 of 2nd period - Snap shot by Erik Karlsson.
7:45 of 2nd period - Stopped by Pekka Rinne without a rebound.
7:46 of 2nd period - David Krejci wins face-off versus Brian Boyle in Canadiens zone.
8:22 of 2nd period - Snap shot by Erik Karlsson.
8:22 of 2nd period - Stopped by Pekka Rinne without a rebound.
8:23 of 2nd period - Brian Boyle wins face-off versus Patrik Berglund in Canadiens zone.
8:30 of 2nd period - Slapshot by Erik Karlsson.
8:30 of 2nd period - Stopped by Pekka Rinne without a rebound.
8:31 of 2nd period - Patrik Berglund wins face-off versus Brian Boyle in Canadiens zone.
9:04 of 2nd period - Ben Lovejoy is hit by Dustin Brown and loses puck.
9:43 of 2nd period - Penalty to Gregory Campbell is over, Gregory Campbell is back on ice.
9:45 of 2nd period - Icing by Jamie Benn.
9:46 of 2nd period - Joe Thornton wins face-off versus David Krejci in Islanders zone.
10:13 of 2nd period - Snap shot by Lauri Korpikoski.
10:13 of 2nd period - Shot Misses the Net.
10:59 of 2nd period - Ben Lovejoy is hit by Carl Hagelin and loses puck.
11:04 of 2nd period - Snap shot by Brandon Pirri.
11:04 of 2nd period - Stopped by Pekka Rinne with a rebound.
11:26 of 2nd period - Wrist shot by Justin Abdelkader.
11:26 of 2nd period - Shot Misses the Net.
11:52 of 2nd period - Jaromir Jagr is hit by Paul Gaustad and loses puck.
12:59 of 2nd period - Carl Hagelin is hit by Francois Beauchemin and loses puck.
13:26 of 2nd period - Tyler Ennis is hit by Ryan Callahan and loses puck.
13:58 of 2nd period - Wrist shot by Mike Cammalleri.
13:58 of 2nd period - Shot Misses the Net.
14:00 of 2nd period - Slapshot by Jordie Benn.
14:00 of 2nd period - Stopped by Braden Holtby with a rebound.
14:48 of 2nd period - Olli Maatta is hit by Ben Lovejoy and loses puck.
15:09 of 2nd period - Lauri Korpikoski is hit by Justin Abdelkader and loses puck.
15:42 of 2nd period - Daniel Sedin is hit by Patrik Berglund and loses puck.
15:59 of 2nd period - Brian Boyle is hit by Kevin Klein and loses puck.
16:09 of 2nd period - Slapshot by Jordie Benn.
16:09 of 2nd period - Deflect By Scott Gomez.
16:09 of 2nd period - Shot Misses the Net.
16:09 of 2nd period - Puck is out of play.
16:10 of 2nd period - Frans Nielsen wins face-off versus Gregory Campbell in Islanders zone.
16:19 of 2nd period - Alex Goligoski is hit by Frans Nielsen and loses puck.
16:38 of 2nd period - Alex Goligoski is hit by Jamie Benn and loses puck.
17:03 of 2nd period - Slapshot by Justin Abdelkader.
17:03 of 2nd period - Stopped by Braden Holtby with a rebound.
17:05 of 2nd period - Slapshot by Jordie Benn.
17:05 of 2nd period - Shot Misses the Net.
17:07 of 2nd period - Slapshot by Mike Cammalleri.
17:07 of 2nd period - Stopped by Braden Holtby with a rebound.
18:16 of 2nd period - Snap shot by Erik Karlsson.
18:16 of 2nd period - Shot Blocked by Ryan Callahan.
18:26 of 2nd period - Snap shot by Patrik Berglund.
18:26 of 2nd period - Stopped by Pekka Rinne with a rebound.
18:44 of 2nd period - Snap shot by Brandon Pirri.
18:44 of 2nd period - Stopped by Pekka Rinne with a rebound.
18:46 of 2nd period - Wrist shot by Dalton Prout.
18:46 of 2nd period - Deflect By Joe Thornton.
18:46 of 2nd period - Stopped by Pekka Rinne without a rebound.
18:47 of 2nd period - Mathieu Perreault wins face-off versus Frans Nielsen in Canadiens zone.
19:42 of 2nd period - Snap shot by Marcel Goc.
19:42 of 2nd period - Stopped by Pekka Rinne with a rebound.
19:54 of 2nd period - Wrist shot by Dustin Brown.
19:54 of 2nd period - Stopped by Pekka Rinne with a rebound.
19:56 of 2nd period - Wrist shot by Dustin Brown.
19:56 of 2nd period - Deflect By Patrik Berglund.
19:56 of 2nd period - Shot Misses the Net.
19:56 of 2nd period - Puck is out of play.
19:57 of 2nd period - Gregory Campbell wins face-off versus Paul Gaustad in Canadiens zone.
Goals for this period are 0 for Islanders vs 1 for Canadiens.
Shots for this period are 11 for Islanders vs 9 for Canadiens.

3rd period


0:01 of 3rd period - Mike Ribeiro wins face-off versus Tyler Ennis in neutral zone.
0:06 of 3rd period - Wrist shot by Justin Abdelkader.
0:06 of 3rd period - Shot Misses the Net.
0:16 of 3rd period - Wrist shot by Justin Abdelkader.
0:16 of 3rd period - Shot Blocked by David Krejci.
0:18 of 3rd period - Snap shot by Mike Cammalleri.
0:18 of 3rd period - Shot Misses the Net.
0:20 of 3rd period - Slapshot by Alex Goligoski.
0:20 of 3rd period - Shot Misses the Net.
0:34 of 3rd period - Snap shot by Mike Ribeiro.
0:34 of 3rd period - Shot Blocked by David Krejci.
0:36 of 3rd period - Slapshot by Matt Niskanen.
0:36 of 3rd period - Shot Blocked by Tyler Ennis.
1:03 of 3rd period - Minor Penalty to Dalton Prout for Hooking.
1:04 of 3rd period - Paul Gaustad wins face-off versus Joe Thornton in Islanders zone.
1:13 of 3rd period - Wrist shot by Craig Adams.
1:13 of 3rd period - Stopped by Pekka Rinne with a rebound.
1:15 of 3rd period - Snap shot by Paul Gaustad.
1:15 of 3rd period - Shot Hit the Post.
1:17 of 3rd period - Slapshot by Travis Hamonic.
1:17 of 3rd period - Shot Blocked by Francois Beauchemin.
1:25 of 3rd period - Wrist shot by Paul Gaustad.
1:25 of 3rd period - Shot Misses the Net.
1:31 of 3rd period - Slapshot by Paul Gaustad.
1:31 of 3rd period - Goal by Paul Gaustad - Islanders : 2 - Canadiens : 2.
1:32 of 3rd period - Paul Gaustad wins face-off versus Mathieu Perreault in neutral zone.
1:36 of 3rd period - Minor Penalty to Justin Abdelkader for Hooking.
1:37 of 3rd period - David Krejci wins face-off versus Mike Ribeiro in Canadiens zone.
1:39 of 3rd period - Slapshot by Jamie Benn.
1:39 of 3rd period - Deflect By David Krejci.
1:39 of 3rd period - Shot Blocked by Mike Ribeiro.
1:39 of 3rd period - Puck is out of play.
1:40 of 3rd period - Mike Ribeiro wins face-off versus David Krejci in Canadiens zone.
1:49 of 3rd period - Snap shot by Mike Ribeiro.
1:49 of 3rd period - Stopped by Braden Holtby with a rebound.
3:03 of 3rd period - Penalty to Dalton Prout is over, Dalton Prout is back on ice.
3:22 of 3rd period - Slapshot by Carl Hagelin.
3:22 of 3rd period - Shot Blocked by Brian Boyle.
3:34 of 3rd period - Andrew Campbell is hit by Dalton Prout and loses puck.
3:36 of 3rd period - Penalty to Justin Abdelkader is over, Justin Abdelkader is back on ice.
3:45 of 3rd period - Travis Hamonic is hit by Justin Abdelkader and loses puck.
4:09 of 3rd period - Alex Goligoski is hit by Lauri Korpikoski and loses puck.
4:20 of 3rd period - Snap shot by Marcel Goc.
4:20 of 3rd period - Deflect By Daniel Sedin.
4:20 of 3rd period - Shot Blocked by Matt Niskanen.
4:20 of 3rd period - Puck is out of play.
4:21 of 3rd period - Marcel Goc wins face-off versus Joe Thornton in Canadiens zone.
4:46 of 3rd period - Snap shot by Erik Karlsson.
4:46 of 3rd period - Shot Blocked by Ben Lovejoy.
5:10 of 3rd period - Wrist shot by Jaromir Jagr.
5:10 of 3rd period - Stopped by Braden Holtby with a rebound.
5:12 of 3rd period - Backhand shot by Andrew Campbell.
5:12 of 3rd period - Stopped by Braden Holtby with a rebound.
5:14 of 3rd period - Wrist shot by Mathieu Perreault.
5:14 of 3rd period - Shot Misses the Net.
5:29 of 3rd period - Off-side.
5:30 of 3rd period - Gregory Campbell wins face-off versus Frans Nielsen in neutral zone.
5:41 of 3rd period - Frans Nielsen is hit by Alex Goligoski and loses puck.
5:58 of 3rd period - Snap shot by Scott Gomez.
5:58 of 3rd period - Shot Misses the Net.
6:00 of 3rd period - Slapshot by Alex Goligoski.
6:00 of 3rd period - Shot Misses the Net.
6:02 of 3rd period - Slapshot by Alex Goligoski.
6:02 of 3rd period - Shot Blocked by Kevin Klein.
6:16 of 3rd period - Kevin Klein is hit by Justin Abdelkader and loses puck.
6:29 of 3rd period - Travis Hamonic is hit by Mike Cammalleri and loses puck.
6:38 of 3rd period - Slapshot by Jamie Benn.
6:38 of 3rd period - Stopped by Pekka Rinne with a rebound.
6:40 of 3rd period - Slapshot by Olli Maatta.
6:40 of 3rd period - Shot Blocked by Matt Niskanen.
6:42 of 3rd period - Snap shot by David Krejci.
6:42 of 3rd period - Shot Blocked by Matt Niskanen.
6:44 of 3rd period - Wrist shot by Jamie Benn.
6:44 of 3rd period - Shot Misses the Net.
6:46 of 3rd period - Backhand shot by Olli Maatta.
6:46 of 3rd period - Shot Blocked by Matt Niskanen.
6:48 of 3rd period - Slapshot by Olli Maatta.
6:48 of 3rd period - Deflect By Justin Abdelkader.
6:48 of 3rd period - Stopped by Pekka Rinne without a rebound.
6:49 of 3rd period - Marcel Goc wins face-off versus Mathieu Perreault in Canadiens zone.
8:51 of 3rd period - Paul Gaustad is hit by Gregory Campbell and loses puck.
9:38 of 3rd period - Slapshot by Erik Karlsson.
9:38 of 3rd period - Stopped by Pekka Rinne with a rebound.
9:58 of 3rd period - Snap shot by Justin Abdelkader.
9:58 of 3rd period - Shot Misses the Net.
10:00 of 3rd period - Snap shot by Andrew Campbell.
10:00 of 3rd period - Shot Blocked by Brandon Pirri.
10:20 of 3rd period - Frans Nielsen is hit by Jordie Benn and loses puck.
11:47 of 3rd period - Justin Abdelkader is hit by Dustin Brown and loses puck.
12:14 of 3rd period - Wrist shot by Tyler Ennis.
12:14 of 3rd period - Stopped by Pekka Rinne with a rebound.
12:16 of 3rd period - Slapshot by Rob Scuderi.
12:16 of 3rd period - Shot Misses the Net.
12:45 of 3rd period - Snap shot by Lauri Korpikoski.
12:45 of 3rd period - Stopped by Pekka Rinne with a rebound.
14:35 of 3rd period - Mike Cammalleri is hit by Craig Adams and loses puck.
15:02 of 3rd period - Snap shot by Scott Gomez.
15:02 of 3rd period - Deflect By Brian Boyle.
15:02 of 3rd period - Shot Misses the Net.
15:02 of 3rd period - Puck is out of play.
15:03 of 3rd period - Paul Gaustad wins face-off versus Gregory Campbell in Islanders zone.
15:58 of 3rd period - Slapshot by Daniel Sedin.
15:58 of 3rd period - Stopped by Braden Holtby with a rebound.
16:00 of 3rd period - Slapshot by Alex Goligoski.
16:00 of 3rd period - Stopped by Braden Holtby with a rebound.
16:42 of 3rd period - Snap shot by Lauri Korpikoski.
16:42 of 3rd period - Shot Hit the Post.
16:44 of 3rd period - Slapshot by Rob Scuderi.
16:44 of 3rd period - Shot Misses the Net.
17:05 of 3rd period - Minor Penalty to Matt Niskanen for Tripping.
17:06 of 3rd period - Brandon Pirri wins face-off versus Brian Boyle in Canadiens zone.
17:09 of 3rd period - Minor Penalty to Jamie Benn for Hooking.
17:10 of 3rd period - David Krejci wins face-off versus Mike Ribeiro in Islanders zone.
17:18 of 3rd period - Slapshot by Erik Karlsson.
17:18 of 3rd period - Shot Misses the Net.
17:20 of 3rd period - Slapshot by Kevin Klein.
17:20 of 3rd period - Deflect By Justin Abdelkader.
17:20 of 3rd period - Stopped by Pekka Rinne with a rebound.
17:22 of 3rd period - Snap shot by David Krejci.
17:22 of 3rd period - Stopped by Pekka Rinne with a rebound.
17:30 of 3rd period - Slapshot by Erik Karlsson.
17:30 of 3rd period - Shot Misses the Net.
17:34 of 3rd period - Snap shot by David Krejci.
17:34 of 3rd period - Stopped by Pekka Rinne without a rebound.
17:35 of 3rd period - Mike Ribeiro wins face-off versus David Krejci in Canadiens zone.
18:51 of 3rd period - Wrist shot by Mike Ribeiro.
18:51 of 3rd period - Stopped by Braden Holtby with a rebound.
19:05 of 3rd period - Penalty to Matt Niskanen is over, Matt Niskanen is back on ice.
19:09 of 3rd period - Penalty to Jamie Benn is over, Jamie Benn is back on ice.
19:13 of 3rd period - Travis Hamonic is hit by Daniel Sedin and loses puck.
19:22 of 3rd period - Snap shot by Ryan Callahan.
19:22 of 3rd period - Stopped by Braden Holtby without a rebound.
19:23 of 3rd period - Ryan Callahan wins face-off versus Lauri Korpikoski in Islanders zone.
19:34 of 3rd period - Snap shot by Daniel Sedin.
19:34 of 3rd period - Stopped by Braden Holtby without a rebound.
19:35 of 3rd period - Marcel Goc wins face-off versus Mathieu Perreault in Islanders zone.
19:35 of 3rd period - Marcel Goc is hit by Patrick Eaves.
19:41 of 3rd period - Patrick Eaves is hit by Rob Scuderi and loses puck.
19:54 of 3rd period - Snap shot by Mathieu Perreault.
19:54 of 3rd period - Stopped by Braden Holtby with a rebound.
Goals for this period are 1 for Islanders vs 0 for Canadiens.
Shots for this period are 10 for Islanders vs 9 for Canadiens.

Overtime #1


0:01 of 1st overtime period - David Krejci wins face-off versus Mike Ribeiro in neutral zone.
0:04 of 1st overtime period - Matt Niskanen is hit by Jamie Benn and loses puck.
0:17 of 1st overtime period - Snap shot by Justin Abdelkader.
0:17 of 1st overtime period - Deflect By Mike Ribeiro.
0:17 of 1st overtime period - Stopped by Braden Holtby with a rebound.
0:19 of 1st overtime period - Snap shot by Matt Niskanen.
0:19 of 1st overtime period - Deflect By Justin Abdelkader.
0:19 of 1st overtime period - Shot Misses the Net.
0:19 of 1st overtime period - Puck is out of play.
0:20 of 1st overtime period - Mike Ribeiro wins face-off versus David Krejci in Islanders zone.
1:07 of 1st overtime period - David Krejci is hit by Alex Goligoski and loses puck.
1:38 of 1st overtime period - Slapshot by David Krejci.
1:38 of 1st overtime period - Deflect By Jamie Benn.
1:38 of 1st overtime period - Goal by Jamie Benn - Islanders : 3 - Canadiens : 2.
Goals for this period are 1 for Islanders vs 0 for Canadiens.
Shots for this period are 1 for Islanders vs 1 for Canadiens.